 Dungeon Crawl Stone Soup version 0.20-a0-555-gf6ae02d (webtiles) character file.

919 HereIgoKillingAgain the Insei (level 8, -1/54 HPs)
             Began as an Octopode Transmuter on Feb 4, 2017.
             Was a Follower of Makhleb.
             Slain by a sky beast (6 damage)
             ... on level 6 of the Dungeon.
             The game lasted 00:06:47 (5657 turns).

HereIgoKillingAgain the Insei (Octopode Transmuter) Turns: 5657, Time: 00:06:48

Health: -1/54      AC:  3    Str:  7    XL:     8   Next: 9%
Magic:  14/14      EV: 15    Int: 21    God:    Makhleb [*.....]
Gold:   56         SH:  0    Dex: 14    Spells: 12/15 levels left

rFire    . . .     SeeInvis .   w - +9 flail of the Traitor {flame, Str-4 Int+5 Dex+2}
rCold    . . .     Gourm    .   (no shield)
rNeg     . . .     Faith    .   z - +2 hat
rPois    +         Spirit   .   (no amulet)
rElec    .         Reflect  .   f - ring of poison resistance
rCorr    .         Harm     .   (no ring)
MR       .....                  (no ring)
Stlth    ++........             (no ring)
Regen    0.2/turn               (no ring)
                                (no ring)
                                (no ring)
                                (no ring)

@: confused
A: almost no armour, stealthy swim, amphibious, 8 rings, constrict 8, tentacle
spike 1, camouflage 1, sense surroundings 1, gelatinous body 1, subdued magic 1
a: Renounce Religion


You were on level 6 of the Dungeon.
You worshipped Makhleb.
Makhleb was aware of your devotion.
You were not hungry.

You visited 1 branch of the dungeon, and saw 6 of its levels.

You collected 232 gold pieces.
You spent 176 gold pieces at shops.

Inventory:

Hand Weapons
 w - the +9 flail of the Traitor (weapon) {flame, Str-4 Int+5 Dex+2}
   (You found it on level 4 of the Dungeon)

   It has been specially enchanted to burn those struck by it, causing extra
   injury to most foes and up to half again as much damage against particularly
   susceptible opponents.
   It affects your strength (-4).
   It affects your intelligence (+5).
   It affects your dexterity (+2).
Missiles
 a - 93 arrows
Armour
 z - a +2 hat (worn)
Magical Staves
 m - an uncursed staff of poison {unknown}
 v - an uncursed staff of wizardry {unknown}
Jewellery
 f - a ring of poison resistance (left tentacle)
Wands
 c - a wand of iceblast (9/15)
 y - a wand of confusion (18/48)
 B - a wand of confusion (26/48)
Scrolls
 d - 4 scrolls of remove curse {unknown}
 g - 5 scrolls of amnesia
 h - 2 scrolls of fog {unknown}
 j - a scroll of random uselessness {unknown}
 l - a scroll of enchant armour {unknown}
 o - a scroll of enchant weapon
 p - a scroll of blinking {unknown}
 r - a scroll of immolation {unknown}
 u - a scroll of magic mapping {unknown}
Potions
 e - a potion of might
 k - a potion of ambrosia
 n - a potion of haste
 q - a potion of resistance
 A - a potion of cure mutation {unknown}
 D - a potion of agility {unknown}
Books
 b - a book of Changes

   Spells                             Type                      Level
   a - Beastly Appendage              Transmutation                1
   b - Sticks to Snakes               Transmutation                2
   c - Spider Form                    Transmutation/Poison         3
   d - Ice Form                       Ice/Transmutation            4
   e - Blade Hands                    Transmutation                5
Comestibles
 t - a fruit
 E - a royal jelly


   Skills:
 + Level 4.0 Fighting
 + Level 4.4 Dodging
 + Level 4.9 Unarmed Combat
 + Level 4.1 Spellcasting
 + Level 4.2 Transmutations


You had 12 spell levels left.
You knew the following spells:

 Your Spells              Type           Power        Failure   Level  Hunger
a - Beastly Appendage     Tmut           ###...       1%          1    None
b - Sticks to Snakes      Tmut           ###.....     2%          2    #......


Dungeon Overview and Level Annotations

Branches:
Dungeon (6/15)             Temple (0/1) D:4

Altars:
Ashenzari
Cheibriados
Elyvilon
Makhleb
Nemelex Xobeh
Trog
Zin

Shops:
D:4 [


Innate Abilities, Weirdness & Mutations

You cannot wear most types of armour.
You are very stealthy in the water. (Stealth+)
You are amphibious.
You can wear up to eight rings at the same time.
You can use your tentacles to constrict eight enemies at once.
Your skin changes colour to match your surroundings (Stealth+).
Your rubbery body absorbs attacks. (AC +1, EV +1)
One of your tentacles bears a spike.
You passively map a small area around you.
Your spells are a little easier to cast, but a little less powerful.


Message History

Your ball python bites something but does no damage.
Something hits you.
* * * LOW HITPOINT WARNING * * *
Something shocks you.
* * * LOW HITPOINT WARNING * * *
Your ball python misses something.
You are confused.
You feel invigorated.
Your ball python barely misses something.
Something hits you but does no damage.
Your ball python closely misses something.
You're too confused to move!
Something hits you.
* * * LOW HITPOINT WARNING * * *
Something shocks you.
* * * LOW HITPOINT WARNING * * *
Your ball python barely misses something.
You bump into the rock wall.
Something hits you.
* * * LOW HITPOINT WARNING * * *
Something shocks you.
You die...

.....#.#.###
...........# ,
...........# *
...........# *
##>#####.###* *
##.#####.# * , ,
.........#########
* ,
.#.######.....S{.#
* , , #.######@# *
, #.# #.# #.# ,#.#
, ,... #.# * #.#
#.# * ,..# ..#
*### * ### * *


You could see a friendly ball python.

Vanquished Creatures
  The ghost of HereIgoKillingAgain the Skirmisher, an amateur HOFi (D:4)
  An ogre (D:4)
  A phantom (D:5)
  A centaur (D:5)
  A scorpion (D:6)
  A howler monkey (D:5)
  A bullfrog zombie (D:5)
  A hound (D:5)
  A centaur skeleton (D:4)
  2 iguanas
  Jessica (D:3)
  A worker ant (D:4)
  A gnoll (D:1)
  6 adders
  2 shadow imps
  4 oozes
  A worm (D:2)
  3 dart slugs
  3 leopard geckos
  4 orcs (D:3)
  8 giant cockroaches
  8 goblins
  9 hobgoblins
  7 jackals (D:4)
  5 kobolds
  A quokka (D:3)
  2 ball pythons
  5 bats
  6 frilled lizards
  7 rats
95 creatures vanquished.

Vanquished Creatures (collateral kills)
  A water moccasin (D:5)
  A giant cockroach (D:2)
2 creatures vanquished.

Grand Total: 97 creatures vanquished

Notes
Turn   | Place    | Note
-------+----------+-------------------------------------------
     0 | D:1      | HereIgoKillingAgain the Octopode Transmuter began the quest for the Orb.
     0 | D:1      | Reached XP level 1. HP: 13/13 MP: 3/3
    43 | D:1      | Reached XP level 2. HP: 12/18 MP: 5/5
   557 | D:1      | Reached XP level 3. HP: 23/23 MP: 6/6
  1356 | D:2      | Reached XP level 4. HP: 21/29 MP: 5/7
  1538 | D:2      | Learned a level 2 spell: Sticks to Snakes
  1573 | D:2      | Found a white marble altar of Elyvilon.
  1684 | D:2      | Found a burning altar of Makhleb.
  1717 | D:2      | Became a worshipper of Makhleb the Destroyer
  1937 | D:2      | Found a glowing silver altar of Zin.
  2321 | D:3      | Found a shattered altar of Ashenzari.
  2430 | D:3      | Noticed Jessica
  2442 | D:3      | Killed Jessica
  2442 | D:3      | Reached XP level 5. HP: 32/34 MP: 3/9
  2810 | D:3      | Found a snail-covered altar of Cheibriados.
  2864 | D:3      | HP: 1/34 [hobgoblin/club (6)]
  3181 | D:4      | Noticed HereIgoKillingAgain's ghost (amateur HOFi)
  3397 | D:4      | Killed HereIgoKillingAgain's ghost
  3397 | D:4      | Reached XP level 6. HP: 26/41 MP: 7/10
  3456 | D:4      | Got a slimy flail
  3507 | D:4      | Reached * piety under Makhleb
  3769 | D:4      | Identified the +9 flail of the Traitor {flame, Str-4 Int+5 Dex+2} (You found it on level 4 of the Dungeon)
  3777 | D:4      | Found a staircase to the Ecumenical Temple.
  4012 | D:4      | Found Witigeut's Armour Shoppe.
  4016 | D:4      | Bought a +2 hat for 176 gold pieces
  4118 | D:4      | Reached XP level 7. HP: 45/46 MP: 12/12
  4195 | D:4      | Found a sparkling altar of Nemelex Xobeh.
  4301 | D:5      | Entered Level 5 of the Dungeon
  4369 | D:5      | Found a bloodstained altar of Trog.
  5033 | D:5      | Reached XP level 8. HP: 29/54 MP: 7/14
  5124 | D:5      | HP: 1/54 [orc warrior/battleaxe (15)]
  5618 | D:6      | Gained mutation: Your spells are a little easier to cast, but a little less powerful. [potion of mutation]
  5618 | D:6      | Gained mutation: One of your tentacles bears a spike. [potion of mutation]
  5618 | D:6      | Gained mutation: You passively map a small area around you. [potion of mutation]
  5654 | D:6      | HP: 2/54 [something (6)]
  5657 | D:6      | Slain by a sky beast

Vault maps used:
D:1:      dpeg_arrival_pits, st_stairs_5, serial_bayou_pond_c, minivault_5,
          minmay_hedge_maze, minmay_pentomino_r2
D:2:      old_standard_altar, zin_statuary, lemuel_coloured_pillars_altar
D:3:      cheibriados_altar_1, evilmike_ruin_ashenzari, minmay_checkerbox,
          uniq_jessica
D:4:      nicolae_overflow_hidden_temple, minmay_temple_entry_junction,
          serial_shops, nicolae_shop_crystal
D:5:      old_standard_altar, first_bread
D:6:      minmay_misc_feat_diagonals, hex_large

Skill      XL: |  1  2  3  4  5  6  7  8 |
---------------+-------------------------+-----
Fighting       | 2 3 4 |  4.0
Dodging        | 3 4 |  4.4
Unarmed Combat | 4 |  4.9
Spellcasting   | 3 4 |  4.1
Transmutations | 3 4 |  4.2

Action                   |  1- 3 |  4- 6 |  7- 9 || total
-------------------------+-------+-------+-------++-------
Melee: Unarmed           |    84 |   111 |       ||   195
       Punch             |     5 |     3 |     1 ||     9
       Constrict         |    20 |    29 |     6 ||    55
       Tentacles         |    10 |    30 |     5 ||    45
       Kick              |     8 |     2 |     2 ||    12
       Flail             |       |    16 |    39 ||    55
 Cast: Beastly Appendage |     5 |     6 |     1 ||    12
       Sticks to Snakes  |       |     8 |    14 ||    22
  Use: Scroll            |       |     7 |     6 ||    13
       Potion            |       |     3 |     4 ||     7
 Stab: Sleeping          |     3 |    11 |     2 ||    16
  Eat: Bread ration      |     1 |       |     1 ||     2
       Chunk             |       |     3 |     2 ||     5
       Fruit             |       |     2 |     1 ||     3
Armor: Skin              |     2 |    10 |     6 ||    18
Dodge: Dodged            |    43 |    98 |    39 ||   180
